 Dungeon Crawl Stone Soup version 0.26-a0-597-gb535b0901c (webtiles) character file.

Game seed: 15864688369482856449

(classic levelgen) 12525 EnegeticOcto the Cleaver (level 11, 34/103 HPs)
             Began as a Deep Dwarf Fighter on Aug 28, 2020.
             Was an Elder of Makhleb.
             Quit the game on level 12 of the Dungeon.
             The game lasted 00:05:21 (5869 turns).

EnegeticOcto the Cleaver (Deep Dwarf Fighter)       Turns: 5869, Time: 00:05:22

Health: 34/103     AC: 17    Str: 23    XL:     11   Next: 63%
Magic:  3/3        EV:  6    Int:  9    God:    Makhleb [****..]
Gold:   348        SH: 13    Dex: 12    Spells: 10/10 levels left

rFire    . . .     SeeInvis .   a - +1 war axe
rCold    . . .     Faith    +   c - +1 kite shield
rNeg     . . .     Spirit   .   i - +0 plate armour
rPois    +         Reflect  .   (no helmet)
rElec    .         Harm     .   D - +0 cloak
rCorr    .                      (no gloves)
MR       +....                  n - +0 pair of boots
Stlth    ..........             f - amulet of faith
HPRegen  0.00/turn              w - ring of poison resistance
MPRegen  0.08/turn              (no ring)

@: non-regenerating, slowed, very slow
A: damage resistance, heal wounds, sense surroundings 2, no regeneration
a: Heal Wounds, Minor Destruction, Lesser Servant of Makhleb, Major Destruction,
Renounce Religion


You were on level 12 of the Dungeon.
You worshipped Makhleb.
Makhleb was greatly pleased with you.
You visited 2 branches of the dungeon, and saw 13 of its levels.

You collected 612 gold pieces.
You spent 264 gold pieces at shops.

Inventory:

Hand Weapons
 a - a +1 war axe (weapon)
Armour
 c - a +1 kite shield (worn)
 i - a +0 plate armour (worn)
 n - a +0 pair of boots (worn)
 D - a +0 cloak (worn)
Jewellery
 f - an amulet of faith (around neck)
 m - an uncursed ring of resist corrosion
 w - a ring of poison resistance (left hand)
Wands
 s - a wand of iceblast (17) {@v2}
Scrolls
 e - 5 scrolls of remove curse {@r2}
 k - 8 scrolls of teleportation {@r3}
 r - 2 scrolls of enchant weapon
 z - a scroll of blinking
 C - a scroll of fear
Potions
 b - a potion of lignification {@q7}
 d - 4 potions of might {@q3}
 g - 5 potions of curing {@q1}
 h - 3 potions of resistance {@q6}
 j - a potion of heal wounds {@q2}
 l - a potion of magic
 o - 2 potions of stabbing {@q5}
 p - 2 potions of berserk rage
 q - 2 potions of flight {unknown}
 t - a potion of haste {@q4}
 u - 3 potions of invisibility
 A - a potion of ambrosia {unknown}
 B - a potion of degeneration {unknown}
 F - a potion of mutation {unknown}


   Skills:
 + Level 7.9 Fighting
 * Level 12.3 Axes
 + Level 9.4 Armour
 + Level 9.4 Shields
 + Level 7.2 Invocations


You had 10 spell levels left.
You didn't know any spells.
Your spell library was empty.

Dungeon Overview and Level Annotations

Branches:
Dungeon (12/15)            Temple (1/1) D:7            Lair (0/6) D:10
    Orc (0/2) D:11

Altars:
Ashenzari
Cheibriados
Dithmenos
Elyvilon
Fedhas
Gozag
Hepliaklqana
Kikubaaqudgha
Makhleb
Nemelex Xobeh
Okawaru
Qazlal
Ru
Sif Muna
Trog
Uskayaw
Vehumet
Wu Jian
Xom
Yredelemnul
Zin
The Shining One
Beogh

Shops:
D:8 !   D:9 }}(

Annotations:
D:5 exclusion: statue
D:7 2 transporters, kae's ghost, novice DrTm


Innate Abilities, Weirdness & Mutations

You are resistant to damage.
You can heal yourself by infusing magical energy.
You passively map the area around you.
You do not regenerate.


Message History

You block the wraith's attack.
The six-headed hydra bites you but does no damage.
The six-headed hydra barely misses you. The six-headed hydra bites you!
You block the six-headed hydra's attack.
The six-headed hydra bites you but does no damage. x2
The wraith hits you but does no damage.
You barely miss the six-headed hydra.
The six-headed hydra is moderately wounded.
You hit the wraith.
You block the six-headed hydra's attack.
The six-headed hydra bites you but does no damage.
You block the six-headed hydra's attack. x2
The six-headed hydra bites you but does no damage. x2
The wraith closely misses you.
The howler monkey hoots and howls with incredible vigour!
The six-headed hydra bites you. The six-headed hydra barely misses you.
The six-headed hydra bites you but does no damage.
You block the six-headed hydra's attack.
The six-headed hydra bites you but does no damage.
The six-headed hydra bites you.
You slash the wraith!
The wraith is severely damaged.
Your shield and plate armour prevent you from hitting the six-headed hydra.
You block the wraith's attack. The six-headed hydra barely misses you.
You block the six-headed hydra's attack.
The six-headed hydra bites you.
You block the six-headed hydra's attack. x2
The six-headed hydra closely misses you.
The wraith hits you but does no damage.
You barely miss the wraith.
The wraith is severely damaged.
You hit the six-headed hydra. The six-headed hydra bites you.
The six-headed hydra bites you but does no damage.
The six-headed hydra barely misses you.
The six-headed hydra bites you but does no damage. x3
The wraith hits you but does no damage.
The six-headed hydra bites you but does no damage. x2
You block the six-headed hydra's attack.
The six-headed hydra bites you!
The six-headed hydra bites you but does no damage. x2
You hit the wraith.
The wraith is severely damaged.
Your plate armour prevents you from hitting the six-headed hydra.
You block the wraith's attack.
The six-headed hydra bites you but does no damage.
The six-headed hydra bites you!
You block the six-headed hydra's attack.
The six-headed hydra bites you.
The six-headed hydra closely misses you.
You block the six-headed hydra's attack.
You slash the wraith!
The wraith is almost destroyed.
You chop one of the six-headed hydra's heads off!
The five-headed hydra grows two more!
You slash the seven-headed hydra! The wraith barely misses you.
You block the seven-headed hydra's attack. x2
The seven-headed hydra bites you but does no damage.
You block the seven-headed hydra's attack.
The seven-headed hydra bites you but does no damage. x2
The seven-headed hydra bites you! The wraith hits you.
The howler monkey hoots and howls with incredible vigour!
You hear a shout!
You are too injured to fight recklessly!
You are too injured to fight recklessly!
You are too injured to fight recklessly!
You are too injured to fight recklessly!
You are too injured to fight recklessly!
You are too injured to fight recklessly!
You are too injured to fight recklessly!
You are too injured to fight recklessly!
You are too injured to fight recklessly!
You are too injured to fight recklessly!
You are too injured to fight recklessly!
There are monsters nearby!
There are monsters nearby!
You are too injured to fight recklessly!
You are too injured to fight recklessly!
You are too injured to fight recklessly!
You are too injured to fight recklessly!
You are too injured to fight recklessly!
You are too injured to fight recklessly!
You are too injured to fight recklessly!
You are too injured to fight recklessly!
You are too injured to fight recklessly!
You are too injured to fight recklessly!
You are too injured to fight recklessly!
There are monsters nearby!
There are monsters nearby!
You are too injured to fight recklessly!
You are too injured to fight recklessly!
You are too injured to fight recklessly!
You are too injured to fight recklessly!
You are too injured to fight recklessly!
You are too injured to fight recklessly!
You are too injured to fight recklessly!
You are too injured to fight recklessly!
You are too injured to fight recklessly!
You are too injured to fight recklessly!
You are too injured to fight recklessly!
Are you sure you want to abandon this character and quit the game? (Confirm with "yes".)

* * * * * * , * , # *
### * ############# #*
.... #...........# # ,
,,....h##
#...........### + ,,
....hoW###...........##.
# * ,, ,
#D@.#...........'.. # *,
,,, ###)(...........###
# , , ###.(.........# *
##'########## * * * ###
** * , * *,, , , , , , ,
* , , * , * *, , , , , ,
* * , , , , , ,


You could see a seven-headed hydra, a wraith, a howler monkey (catching breath),
a hound and an orc.

Vanquished Creatures
  Josephine (D:10)
  A two-headed ogre (D:12)
  An unseen horror (D:11)
  An orc knight (D:11)
  Pikel (D:6)
  An ugly thing (D:11)
  A cyclops (D:11)
  Joseph (D:9)
  5 slime creatures (D:12)
  3 hippogriffs (D:8)
  A shadow (D:12)
  A wyvern (D:10)
  5 wraiths
  A water moccasin (D:4)
  3 ice beasts
  8 orc warriors
  2 sky beasts
  A hornet zombie (D:9)
  A phantom (D:8)
  9 ogres
  2 centaurs
  A crocodile (D:12)
  6 bullfrogs
  A wyvern zombie (D:10)
  A gnoll sergeant (D:7)
  2 scorpions
  18 killer bees
  6 howler monkeys
  2 centaur zombies
  5 jellies
  5 orc priests
  3 centaur skeletons
  5 hounds
  14 orc wizards
  2 bullfrog skeletons (D:12)
  3 iguanas
  4 worker ants
  A hound zombie (D:5)
  9 adders
  8 gnolls
  A shadow imp (D:10)
  A white imp (D:7)
  An ooze (D:6)
  2 adder skeletons
  3 worms
  6 leopard geckos
  40 orcs
  2 giant cockroaches
  5 goblins
  A hobgoblin (D:3)
  2 jackals (D:6)
  5 quokkas
  3 ball pythons
  2 bats
  4 frilled lizards
  A jackal skeleton (D:4)
  2 kobolds (D:3)
  A leopard gecko skeleton (D:7)
  2 quokka skeletons
  A quokka zombie (D:8)
  4 rats
235 creatures vanquished.

Vanquished Creatures (others)
  9 plants (D:10)
9 creatures vanquished.

Grand Total: 244 creatures vanquished

Notes
Turn   | Place    | Note
-------+----------+-------------------------------------------
     0 | D:1      | EnegeticOcto the Deep Dwarf Fighter began the quest for the
                  | Orb.
     0 | D:1      | Reached XP level 1. HP: 20/20 MP: 1/1
   186 | D:2      | Reached XP level 2. HP: 14/27 MP: 2/2
   212 | D:2      | Reached skill level 3 in Axes
   212 | D:2      | Reached XP level 3. HP: 30/33 MP: 3/3
   266 | D:3      | Reached XP level 4. HP: 19/42 MP: 4/4
   501 | D:4      | Reached skill level 4 in Axes
   501 | D:4      | Reached XP level 5. HP: 44/49 MP: 5/5
   515 | D:4      | Noticed an ogre
   526 | D:4      | Killed an ogre
   610 | D:4      | Noticed an ogre
   615 | D:4      | Noticed an ogre
   616 | D:4      | Reached XP level 6. HP: 48/56 MP: 5/5
   629 | D:4      | Reached skill level 5 in Axes
   665 | D:4      | Noticed a water moccasin
   675 | D:4      | Killed a water moccasin
   675 | D:4      | Reached XP level 7. HP: 33/64 MP: 5/5
   709 | D:4      | Reached skill level 5 in Armour
   709 | D:4      | Reached skill level 5 in Shields
  1000 | D:5      | Entered Level 5 of the Dungeon
  1000 | D:5      | Found a stormy altar of Qazlal.
  1025 | D:5      | Reached skill level 6 in Axes
  1335 | D:5      | Reached XP level 8. HP: 44/73 MP: 5/5
  1510 | D:5      | Reached skill level 7 in Axes
  1605 | D:5      | Found a radiant altar of Vehumet.
  1842 | D:6      | Reached skill level 5 in Fighting
  1910 | D:6      | Noticed Pikel
  1925 | D:6      | Killed Pikel
  1925 | D:6      | Reached skill level 8 in Axes
  1999 | D:6      | Gained mutation: You passively map the area around you.
                  | [Deep Dwarf growth]
  1999 | D:6      | Reached XP level 9. HP: 61/81 MP: 4/4
  2658 | D:7      | Reached skill level 9 in Axes
  2800 | D:7      | Found an ancient bone altar of Kikubaaqudgha.
  2856 | D:7      | Found a transporter.
  2879 | D:7      | Found a transporter.
  2879 | D:7      | Noticed kae's ghost (novice DrTm)
  2969 | D:7      | Found a staircase to the Ecumenical Temple.
  2981 | Temple   | Entered the Ecumenical Temple
  3093 | Temple   | Became a worshipper of Makhleb the Destroyer
  3166 | D:7      | Found a sacrificial altar of Ru.
  3351 | D:8      | Found Iqyhell's Distillery.
  3359 | D:8      | Bought a potion of resistance for 120 gold pieces
  3359 | D:8      | Bought a potion of might for 48 gold pieces
  3359 | D:8      | Bought a potion of invisibility for 96 gold pieces
  3398 | D:8      | Reached skill level 1 in Invocations
  3671 | D:8      | Reached skill level 10 in Axes
  3804 | D:9      | Reached * piety under Makhleb
  3804 | D:9      | Reached XP level 10. HP: 60/92 MP: 6/6
  3813 | D:9      | Found Naof's Antique Armour Shoppe.
  3818 | D:9      | Found Achom's Weapon Emporium.
  3995 | D:9      | Noticed Joseph
  4025 | D:9      | Killed Joseph
  4043 | D:9      | Found Nennob's Gadget Shoppe.
  4076 | D:9      | Found Zitesebb's Gadget Shop.
  4484 | D:10     | Entered Level 10 of the Dungeon
  4497 | D:10     | Noticed Josephine
  4528 | D:10     | Killed Josephine
  4576 | D:10     | Reached skill level 11 in Axes
  4576 | D:10     | Reached skill level 5 in Invocations
  4608 | D:10     | Reached ** piety under Makhleb
  4798 | D:10     | Found a staircase to the Lair.
  5066 | D:11     | Noticed a cyclops
  5076 | D:11     | Killed a cyclops
  5127 | D:11     | Reached XP level 11. HP: 87/100 MP: 6/6
  5135 | D:11     | Noticed an orc knight
  5179 | D:11     | Killed an orc knight
  5218 | D:11     | Reached *** piety under Makhleb
  5240 | D:11     | Found a roughly hewn altar of Beogh.
  5240 | D:11     | Found a staircase to the Orcish Mines.
  5319 | D:11     | Killed an unseen horror
  5427 | D:11     | Noticed a cyan ugly thing
  5448 | D:11     | Killed a cyan ugly thing
  5501 | D:11     | Found a white marble altar of Elyvilon.
  5632 | D:12     | Reached skill level 12 in Axes
  5723 | D:12     | Noticed a two-headed ogre
  5739 | D:12     | Killed a two-headed ogre
  5833 | D:12     | Reached **** piety under Makhleb
  5857 | D:12     | Noticed a four-headed hydra
  5869 | D:12     | Quit the game

Illustrated notes

Levels and vault maps discovered:
D:1:      minmay_arrival_three_doors, layout_loops_ring
D:2:      layout_basic, minmay_cut_off
D:3:      layout_loops_corners, minivault_23
D:4:      layout_cave_pools
D:5:      layout_loops_ring, vehumet_statue, minmay_misc_feat_columns,
          grunt_qazlal_sundering
D:6:      layout_basic, uniq_pikel
D:7:      layout_cave_pools, minmay_temple_entry_proselytizer, basic_altar,
          gammafunk_ghost_mausoleum, chequers_serial_rivers_micro_b,
          nicolae_ru_great_annihilating_truth
D:8:      layout_basic, serial_shops, shop
D:9:      layout_basic, serial_shops, shop, nicolae_shop_waterfront,
          nicolae_shop_trees, nicolae_shop_statue_plus, serial_glass,
          glass_columns_a, glass_columns_c, hangedman_abyss_or_decor_clamps,
          uniq_joseph
D:10:     layout_rooms, dpeg_oklobed_lair, uniq_josephine
D:11:     layout_roguey, david_orc_5, basic_altar
D:12:     layout_roguey, serial_shops, shop_coins, wad_rectangle_vault
Temple:   kilobyte_greek_temple

Skill      XL: |  1  2  3  4  5  6  7  8  9 10 11 |
---------------+----------------------------------+-----
Axes           | 3 4 5 6 8 10 11 12 | 12.3
Fighting       | 3 4 5 6 7 |  7.9
Armour         | 4 5 6 7 8 9 |  9.4
Shields        | 4 5 6 7 8 9 |  9.4
Invocations    | 3 5 7 |  7.2

Action                   |  1- 3 |  4- 6 |  7- 9 | 10-12 || total
-------------------------+-------+-------+-------+-------++-------
Melee: War axe           |    60 |   111 |   513 |   524 ||  1208
 Abil: Heal Wounds       |     1 |     7 |    21 |    32 ||    61
  Use: Scroll            |       |       |    14 |     5 ||    19
       Potion            |       |       |       |     1 ||     1
 Stab: Invisible         |       |       |     1 |       ||     1
Armor: Scale mail        |    43 |    34 |    87 |       ||   164
       Plate armour      |       |       |   176 |   344 ||   520
       Skin              |       |       |       |    46 ||    46
Dodge: Dodged            |    14 |    41 |    95 |   103 ||   253
Block: Kite shield       |    35 |    48 |   290 |   397 ||   770

Table legend: (Time is in decaauts)
 A = Elapsed time spent in this place.
 B = Non-inter-level travel time spent in this place.
 C = Inter-level travel time spent in this place.
 D = Time resting spent in this place.
 E = Time spent auto-exploring this place.
 F = Levels seen in this place.
 G = Mean time per level.
                   A        B        C        D        E       F      G
               +--------+--------+--------+--------+--------+-----+--------+
         Total |   6119 |   5876 |    243 |      0 |   3708 |  13 |  470.7 |
       Dungeon |   5971 |   5763 |    208 |      0 |   3602 |  12 |  497.6 |
        Temple |    148 |    113 |     35 |      0 |    106 |   1 |  148.0 |
               +--------+--------+--------+--------+--------+-----+--------+

Top non-repeatable levels by time:
     D:6: 947 daAuts
     D:5: 750 daAuts
     D:9: 718 daAuts
    D:10: 674 daAuts
     D:7: 583 daAuts
     D:4: 551 daAuts
    D:11: 529 daAuts
     D:8: 432 daAuts
     D:3: 285 daAuts
    D:12: 262 daAuts
     D:1: 163 daAuts
  Temple: 148 daAuts
     D:2: 73 daAuts
